TOP OF THE 1ST |
Topeka Tornados batting - Pitching for Detroit X-Wings : LHP Keith Jennings
|
Pitching: LHP Keith Jennings
|
|
Batting: SHB Javier Peńa
|
0-0: Ball 1-0: Ball 2-0: Swinging Strike 2-1: Foul Ball, location: 2F 2-2: Fly out, F9 (Flyball, 9S)
|
Batting: SHB José González
|
0-0: Ball 1-0: Foul Ball, location: 2F 1-1: Foul Ball, location: 2F 1-2: Foul Ball, location: 2F 1-2: Ball 2-2: Fly out, F4 (Popup, 4)
|
Batting: LHB José López
|
0-0: Ball 1-0: Ball 2-0: Ball 3-0: Called Strike 3-1: Foul Ball, location: 2F 3-2: Foul Ball, location: 2F 3-2: Foul Ball, location: 2F 3-2: Strikes out swinging
|
Top of the 1st over - 0 run(s), 0 hit(s), 0 error(s), 0 left on base; Topeka 0 - Detroit 0 |
BOTTOM OF THE 1ST |
Detroit X-Wings batting - Pitching for Topeka Tornados : RHP Eric Hunt
|
Pitching: RHP Eric Hunt
|
|
Batting: RHB Júlio López
|
0-0: Ball 1-0: Ball 2-0: Called Strike 2-1: Fly out, F9 (Line Drive, 89M)
|
Batting: LHB Chris Loudermilk
|
0-0: Ball 1-0: Called Strike 1-1: Swinging Strike 1-2: Ball 2-2: Ground out U3 (Groundball, 3)
|
Batting: LHB Juan Colón
|
0-0: Foul Ball, location: 2F 0-1: Foul Ball, location: 2F 0-2: Ball 1-2: Ball 2-2: Ground out 6-3 (Groundball, 6MS)
|
Bottom of the 1st over - 0 run(s), 0 hit(s), 0 error(s), 0 left on base; Topeka 0 - Detroit 0 |
TOP OF THE 2ND |
Topeka Tornados batting - Pitching for Detroit X-Wings : LHP Keith Jennings
|
Batting: LHB Tom Robinson
|
0-0: Ball 1-0: Foul Ball, location: 2F 1-1: Fly out, F9 (Flyball, 9S)
|
Batting: LHB Ramón Pérez
|
0-0: Ball 1-0: DOUBLE (Line Drive, 7D)
|
Batting: RHB Ed Watkins
|
0-0: Ball 1-0: Ball 2-0: Called Strike 2-1: Ground out 4-3 (Groundball, 4) Ramón Pérez to third
|
Batting: LHB Yoshiaki Ohayashi
|
0-0: Ground out 6-3 (Groundball, 6)
|
Top of the 2nd over - 0 run(s), 1 hit(s), 0 error(s), 1 left on base; Topeka 0 - Detroit 0 |
BOTTOM OF THE 2ND |
Detroit X-Wings batting - Pitching for Topeka Tornados : RHP Eric Hunt
|
Batting: LHB Juan Jose Pineda
|
0-0: Ball 1-0: Swinging Strike 1-1: SOLO HOME RUN (Flyball, 89XD), Distance : 392 ft
|
Batting: RHB Keith Sims
|
0-0: Ball 1-0: Foul Ball, location: 2F 1-1: Called Strike 1-2: Foul Ball, location: 2F 1-2: Foul Ball, location: 2F 1-2: Ball 2-2: Ball 3-2: DOUBLE (Groundball, 5L)
|
Batting: SHB Javier Jiménez
|
0-0: Called Strike 0-1: Swinging Strike 0-2: Strikes out swinging
|
Batting: RHB Gary Witt
|
0-0: Ball 1-0: Ball 2-0: Ball 3-0: Called Strike 3-1: Base on Balls
|
Batting: RHB Oliver Acevedo
|
0-0: Ball 1-0: Foul Ball, location: 2F 1-1: Called Strike 1-2: Ball 2-2: Ball 3-2: Foul Ball, location: 2F 3-2: Base on Balls Keith Sims to third Gary Witt to second
|
Batting: RHB Vincente Encarnación
|
0-0: Ball Wild Pitch! Keith Sims scores Gary Witt to third Oliver Acevedo to second 1-0: SINGLE (Groundball, 34D) Gary Witt scores Oliver Acevedo to third Runner from 3rd tries for Home, SAFE, no throw
|
Batting: RHB Júlio López
|
0-0: Called Strike 0-1: Ball 1-1: Foul Ball, location: 2F 1-2: Foul Ball, location: 2F 1-2: Ball 2-2: Foul Ball, location: 2F 2-2: Ball 3-2: Base on Balls Vincente Encarnación to second
|
Batting: LHB Chris Loudermilk
|
0-0: Ground out 6-3 (Groundball, 6MD) Vincente Encarnación to third Júlio López to second
|
Batting: LHB Juan Colón
|
0-0: Ball 1-0: Swinging Strike 1-1: Foul Ball, location: 2F 1-2: Ball 2-2: Foul Ball, location: 2F 2-2: Ball 3-2: Base on Balls
|
Batting: LHB Juan Jose Pineda
|
0-0: Foul Ball, location: 2F 0-1: Ball 1-1: Ball 2-1: DOUBLE (Flyball, 78D) Vincente Encarnación scores Júlio López scores Juan Colón to third Runner from 3rd tries for Home, SAFE, no throw
|
Pitching: LHP Tony Rivera
|
|
Batting: RHB Keith Sims
|
0-0: Called Strike 0-1: Foul Ball, location: 2F 0-2: Ball 1-2: Ball 2-2: Ball 3-2: Foul Ball, location: 2F 3-2: Base on Balls
|
Batting: SHB Javier Jiménez
|
0-0: Ball 1-0: Swinging Strike 1-1: Swinging Strike 1-2: Foul Ball, location: 2F 1-2: Fly out, F4 (Popup, 4D)
|
Bottom of the 2nd over - 7 run(s), 4 hit(s), 0 error(s), 2 left on base; Topeka 0 - Detroit 7 |
TOP OF THE 3RD |
Topeka Tornados batting - Pitching for Detroit X-Wings : LHP Keith Jennings
|
Batting: LHB Edward Rose
|
0-0: Ball 1-0: Swinging Strike 1-1: Ball 2-1: Foul Ball, location: 2F 2-2: Ball 3-2: Ground out 4-3 (Groundball, 4MS)
|
Batting: SHB Giancarlo Giannini
|
0-0: Ball 1-0: Ground out 5-3 (Groundball, 56S)
|
Batting: SHB Javier Peńa
|
0-0: Called Strike 0-1: Swinging Strike 0-2: Strikes out looking
|
Top of the 3rd over - 0 run(s), 0 hit(s), 0 error(s), 0 left on base; Topeka 0 - Detroit 7 |
BOTTOM OF THE 3RD |
Detroit X-Wings batting - Pitching for Topeka Tornados : LHP Tony Rivera
|
Batting: RHB Gary Witt
|
0-0: Ball 1-0: Swinging Strike 1-1: Ball 2-1: SOLO HOME RUN (Flyball, 7D), Distance : 373 ft
|
Batting: RHB Oliver Acevedo
|
0-0: Foul Ball, location: 2F 0-1: Ball 1-1: SOLO HOME RUN (Line Drive, 78XD), Distance : 413 ft
|
Batting: RHB Vincente Encarnación
|
0-0: Swinging Strike 0-1: Called Strike 0-2: Foul Ball, location: 2F 0-2: Strikes out swinging
|
Batting: RHB Júlio López
|
0-0: Ball 1-0: Ball 2-0: Called Strike 2-1: Ball 3-1: Fly out, F8 (Line Drive, 8RD)
|
Batting: LHB Chris Loudermilk
|
0-0: Foul Ball, location: 2F 0-1: Foul Ball, location: 2F 0-2: Ball 1-2: Strikes out swinging
|
Bottom of the 3rd over - 2 run(s), 2 hit(s), 0 error(s), 0 left on base; Topeka 0 - Detroit 9 |
TOP OF THE 4TH |
Topeka Tornados batting - Pitching for Detroit X-Wings : LHP Keith Jennings
|
Batting: SHB José González
|
0-0: Ball 1-0: Foul Ball, location: 2F 1-1: Ball 2-1: Ground out 4-3 (Groundball, 4)
|
Batting: LHB José López
|
0-0: Ball 1-0: Ball 2-0: Called Strike 2-1: Swinging Strike 2-2: Ball 3-2: Fly out, F3 (Line Drive, 34)
|
Batting: LHB Tom Robinson
|
0-0: Called Strike 0-1: Ground out 3-1 (Groundball, 34)
|
Top of the 4th over - 0 run(s), 0 hit(s), 0 error(s), 0 left on base; Topeka 0 - Detroit 9 |
BOTTOM OF THE 4TH |
Detroit X-Wings batting - Pitching for Topeka Tornados : LHP Tony Rivera
|
Batting: LHB Juan Colón
|
0-0: Called Strike 0-1: Swinging Strike 0-2: Strikes out swinging
|
Batting: LHB Juan Jose Pineda
|
0-0: Called Strike 0-1: Foul Ball, location: 2F 0-2: Foul Ball, location: 2F 0-2: Ground out U3 (Groundball, 3S)
|
Batting: RHB Keith Sims
|
0-0: Ball 1-0: Called Strike 1-1: Ball 2-1: Fly out, F6 (Line Drive, 56D)
|
Bottom of the 4th over - 0 run(s), 0 hit(s), 0 error(s), 0 left on base; Topeka 0 - Detroit 9 |
TOP OF THE 5TH |
Topeka Tornados batting - Pitching for Detroit X-Wings : LHP Keith Jennings
|
Batting: LHB Ramón Pérez
|
0-0: Ground out 3-1 (Groundball, 34)
|
Batting: RHB Ed Watkins
|
0-0: Swinging Strike 0-1: Ball 1-1: Ball 2-1: Swinging Strike 2-2: Strikes out looking
|
Batting: LHB Yoshiaki Ohayashi
|
0-0: Ground out 5-3 (Groundball, 5)
|
Top of the 5th over - 0 run(s), 0 hit(s), 0 error(s), 0 left on base; Topeka 0 - Detroit 9 |
BOTTOM OF THE 5TH |
Detroit X-Wings batting - Pitching for Topeka Tornados : LHP Tony Rivera
|
Batting: SHB Javier Jiménez
|
0-0: Called Strike 0-1: Ball 1-1: Swinging Strike 1-2: Foul Ball, location: 2F 1-2: Foul Ball, location: 2F 1-2: Foul Ball, location: 2F 1-2: Foul Ball, location: 2F 1-2: Foul Ball, location: 2F 1-2: Ball 2-2: Ground out 6-3 (Groundball, 6)
|
Batting: RHB Gary Witt
|
0-0: Ball 1-0: Ball 2-0: Ball 3-0: Base on Balls
|
Batting: RHB Oliver Acevedo
|
0-0: Swinging Strike 0-1: Fielders Choice at 2nd, 1-6 (Groundball, 13S)
|
Batting: RHB Vincente Encarnación
|
0-0: Ball 1-0: Foul Ball, location: 2F 1-1: Ball 2-1: Foul Ball, location: 2F 2-2: Fly out, F8 (Flyball, 8RS)
|
Bottom of the 5th over - 0 run(s), 0 hit(s), 0 error(s), 1 left on base; Topeka 0 - Detroit 9 |
TOP OF THE 6TH |
Topeka Tornados batting - Pitching for Detroit X-Wings : LHP Keith Jennings
|
Batting: LHB Edward Rose
|
0-0: Ball 1-0: Foul Ball, location: 2F 1-1: Called Strike 1-2: Ball 2-2: Ground out 3-1 (Groundball, 34S)
|
Batting: SHB Giancarlo Giannini
|
0-0: SINGLE (Line Drive, 4MD)
|
Batting: SHB Javier Peńa
|
0-0: Ball 1-0: Called Strike 1-1: DOUBLE (Line Drive, 7LM) Giancarlo Giannini to third
|
Batting: SHB José González
|
0-0: Ball 1-0: Ball 2-0: Ball 3-0: Called Strike 3-1: Base on Balls
|
Batting: LHB José López
|
0-0: Ball 1-0: Ball 2-0: Swinging Strike 2-1: Ball 3-1: Ground out 4-3 (Groundball, 34D) Giancarlo Giannini scores Javier Peńa to third José González to second
|
Batting: LHB Tom Robinson
|
0-0: Called Strike 0-1: Swinging Strike 0-2: Ball 1-2: Strikes out swinging
|
Top of the 6th over - 1 run(s), 2 hit(s), 0 error(s), 2 left on base; Topeka 1 - Detroit 9 |
BOTTOM OF THE 6TH |
Detroit X-Wings batting - Pitching for Topeka Tornados : LHP Tony Rivera
|
Batting: RHB Júlio López
|
0-0: SINGLE (Groundball, 56D)
|
Batting: LHB Chris Loudermilk
|
0-0: Ball 1-0: Foul Ball, location: 2F 1-1: Ball 2-1: SINGLE (Groundball, 4S) (infield hit) Júlio López to second
|
Batting: LHB Juan Colón
|
0-0: Ball 1-0: Swinging Strike 1-1: Foul Ball, location: 2F 1-2: Ball 2-2: Ball 3-2: Grounds into double play, 6-4-3 (Groundball, 6) Júlio López to third
|
Batting: LHB Juan Jose Pineda
|
0-0: Ground out U3 (Groundball, 34)
|
Bottom of the 6th over - 0 run(s), 2 hit(s), 0 error(s), 1 left on base; Topeka 1 - Detroit 9 |
TOP OF THE 7TH |
Topeka Tornados batting - Pitching for Detroit X-Wings : LHP Keith Jennings
|
Pitching: RHP Felipe Téllez
|
|
Batting: LHB Ramón Pérez
|
0-0: Ground out 4-3 (Groundball, 34)
|
Batting: RHB Ed Watkins
|
0-0: Called Strike 0-1: Ball 1-1: Called Strike 1-2: Strikes out looking
|
Batting: LHB Yoshiaki Ohayashi
|
0-0: Called Strike 0-1: Ball 1-1: Foul Ball, location: 2F 1-2: Strikes out looking
|
Top of the 7th over - 0 run(s), 0 hit(s), 0 error(s), 0 left on base; Topeka 1 - Detroit 9 |
BOTTOM OF THE 7TH |
Detroit X-Wings batting - Pitching for Topeka Tornados : LHP Tony Rivera
|
Batting: RHB Keith Sims
|
0-0: Ball 1-0: Called Strike 1-1: Ball 2-1: Called Strike 2-2: Foul Ball, location: 2F 2-2: Ball 3-2: Base on Balls
|
Batting: SHB Javier Jiménez
|
0-0: Called Strike 0-1: Ball 1-1: Foul Ball, location: 2F 1-2: Strikes out swinging
|
Batting: RHB Gary Witt
|
0-0: Ball Keith Sims steals 2nd base 1-0: Ground out 6-3 (Groundball, 6D)
|
Batting: RHB Oliver Acevedo
|
0-0: Ball 1-0: Ball 2-0: Ground out 5-3 (Groundball, 56S)
|
Bottom of the 7th over - 0 run(s), 0 hit(s), 0 error(s), 1 left on base; Topeka 1 - Detroit 9 |
TOP OF THE 8TH |
Topeka Tornados batting - Pitching for Detroit X-Wings : RHP Felipe Téllez
|
Now at C: Carlos Aguirre
|
|
Now at SS: Yoshitsune Kamida
|
|
Batting: LHB Edward Rose
|
0-0: Ball 1-0: Ball 2-0: Ball 3-0: Base on Balls
|
Batting: SHB Giancarlo Giannini
|
0-0: Foul Ball, location: 2F 0-1: Ball 1-1: Ball 2-1: Fly out, F7 (Line Drive, 7S)
|
Batting: SHB Javier Peńa
|
0-0: Ball 1-0: Ball 2-0: Foul Ball, location: 2F 2-1: Foul Ball, location: 2F 2-2: SINGLE (Groundball, 34S) (infield hit) Edward Rose to second
|
Batting: SHB José González
|
0-0: Ground out 3-1 (Groundball, 34S) Edward Rose to third Javier Peńa to second
|
Batting: LHB José López
|
0-0: Called Strike 0-1: Ball 1-1: Ground out 6-3 (Groundball, 6)
|
Top of the 8th over - 0 run(s), 1 hit(s), 0 error(s), 2 left on base; Topeka 1 - Detroit 9 |
BOTTOM OF THE 8TH |
Detroit X-Wings batting - Pitching for Topeka Tornados : LHP Tony Rivera
|
Pitching: LHP Pedro Vega
|
|
Batting: RHB Vincente Encarnación
|
0-0: Fly out, F8 (Flyball, 8LD)
|
Batting: RHB Júlio López
|
0-0: Foul Ball, location: 2F 0-1: Ball 1-1: Foul Ball, location: 2F 1-2: Ball 2-2: Strikes out swinging
|
Batting: LHB Chris Loudermilk
|
0-0: Ground out 5-3 (Groundball, 56)
|
Bottom of the 8th over - 0 run(s), 0 hit(s), 0 error(s), 0 left on base; Topeka 1 - Detroit 9 |
TOP OF THE 9TH |
Topeka Tornados batting - Pitching for Detroit X-Wings : RHP Felipe Téllez
|
Now at 1B: Domingo Ávila
|
|
Now in CF: Merlin Morris
|
|
Batting: LHB Tom Robinson
|
0-0: Ground out 4-3 (Groundball, 4)
|
Batting: LHB Ramón Pérez
|
0-0: Called Strike 0-1: Ball 1-1: Foul Ball, location: 2F 1-2: Fly out, F2 (Popup, 15S)
|
Batting: RHB Ed Watkins
|
0-0: DOUBLE (Flyball, 89M)
|
Batting: LHB Yoshiaki Ohayashi
|
0-0: Foul Ball, location: 2F 0-1: Foul Ball, location: 2F 0-2: Foul Ball, location: 2F 0-2: Ball 1-2: Ball 2-2: Foul Ball, location: 2F 2-2: DOUBLE (Flyball, 8RXD) Ed Watkins scores
|
Batting: LHB Edward Rose
|
0-0: Ball 1-0: Called Strike 1-1: Foul Ball, location: 2F 1-2: Ground out 5-3 (Groundball, 56S)
|
Top of the 9th over - 1 run(s), 2 hit(s), 0 error(s), 1 left on base; Topeka 2 - Detroit 9 |
|